 Dungeon Crawl Stone Soup version 0.31-a0-620-gd1cbd99268 (webtiles) character file.

Game seed: 13540791222254429714

2291 IndexError the Ruffian (level 9, -4/64 HPs)
             Began as an Octopode Shapeshifter on Aug 23, 2023.
             Was a Priest of Sif Muna.
             Slain by an orc priest
             ... wielding a +0 hand axe
              (6 damage)
             ... on level 7 of the Dungeon.
             The game lasted 00:13:04 (7617 turns).

IndexError the Ruffian (Octopode Shapeshifter)      Turns: 7617, Time: 00:13:05

Health: -4/64      AC:  1    Str: 15    XL:     9   Next: 40%
Magic:  9/9        EV: 13    Int: 14    God:    Sif Muna [***...]
Gold:   324        SH:  0    Dex: 12    Spells: 8/8 levels left

rFire   . . .        a - +0 sling
rCold   . . .        (no shield)
rNeg    . . .        (helmet currently unavailable)
rPois   .            E - amulet of magic regeneration
rElec   .            y - ring of see invisible {sInv, !d}
rCorr   .            (no ring)
SInv    +            (no ring)
Will    .....        (no ring)
Stlth   ++           (no ring)
HPRegen 0.30/turn    (no ring)
MPRegen 0.51/turn    (no ring)
                     (no ring)

%: no passive effects
@: beast-form
A: beast (slay +4), almost no armour, amphibious, 8 rings, camouflage 1,
gelatinous body 1, (nimble swimmer 1), tentacles
a: Begin Untransformation, Renounce Religion, Channel Magic, Forget Spell


You were on level 7 of the Dungeon.
You worshipped Sif Muna.
Sif Muna was most pleased with you.
You were a hulking beast.
You visited 2 branches of the dungeon, and saw 9 of its levels.

You collected 324 gold pieces.

Inventory:

Hand Weapons
 a - a +0 sling (weapon)
   (You found it on level 1 of the Dungeon)
Jewellery
 y - a ring of see invisible (left tentacle) {sInv, !d}
   (You found it on level 6 of the Dungeon)
 E - an amulet of magic regeneration (around mantle)
   (You found it on level 7 of the Dungeon)
Talismans
 b - a beast talisman (active)
 c - a flux talisman
 v - a serpent talisman
   (You found it on level 5 of the Dungeon)
Wands
 w - a wand of paralysis (3)
   (You found it on level 5 of the Dungeon)
 C - a wand of polymorph (8)
   (You found it on level 6 of the Dungeon)
Scrolls
 d - a scroll of enchant armour {unknown}
 f - 3 scrolls of noise {unknown}
 g - 3 scrolls of immolation {unknown}
 h - 2 scrolls of fog {unknown}
 i - 6 scrolls of identify {unknown}
 k - 2 scrolls of revelation {unknown}
 m - 2 scrolls of vulnerability {unknown}
 p - 3 scrolls of fear {unknown}
 r - 2 scrolls of teleportation {unknown}
 s - a scroll of torment {unknown}
 u - a scroll of enchant weapon {unknown}
 A - a scroll of poison {unknown}
Potions
 e - 5 potions of lignification {!q}
 j - a potion of haste {unknown}
 l - 2 potions of degeneration {unknown}
 n - 5 potions of curing {unknown}
 o - 2 potions of heal wounds {unknown}
 q - 2 potions of brilliance {unknown}
 t - a potion of invisibility {unknown}
 x - 2 potions of magic {unknown}
 z - a potion of ambrosia {unknown}
 B - a potion of might {unknown}
 D - a potion of resistance {unknown}


   Skills:
 + Level 7.1 Fighting
 - Level 2.0 Dodging
 - Level 7.4 Unarmed Combat
 * Level 7.4 Shapeshifting


You had 8 spell levels left.
You didn't know any spells.
Your spell library contained the following spells:

 Spells                   Type           Power      Damage    Failure   Level
 Portal Projectile        Hex/Tloc       0%         N/A       65%         3
 Tukima's Dance           Hex            0%         N/A       65%         3
 Iskenderun's Mystic Bla  Conj/Tloc      0%         2d3       96%         4


Dungeon Overview and Level Annotations

Branches:
Dungeon (8/15)             Temple (1/1) D:4
   Lair: D:8-11

Altars:
Ashenzari
Dithmenos
Elyvilon
Fedhas
Gozag
Hepliaklqana
Kikubaaqudgha
Nemelex Xobeh
Okawaru
Qazlal
Ru
Sif Muna
Trog
Vehumet
Xom

Shops:
D:3 *

Annotations:
D:3 Pargi


Innate Abilities, Weirdness & Mutations

You are a hulking beast.
Your limbs bulge with bestial killing power. (Slay +4)
You cannot wear most types of armour.
You are amphibious.
You can wear up to eight rings at the same time.
Your skin changes colour to match your surroundings (Stealth+).
Your rubbery body absorbs attacks. (AC +1, EV +1)
((You are camouflaged when in or above water. (Stealth+)))
You have tentacles for arms and can constrict up to eight enemies at once.


Message History

E - an amulet of magic regeneration (around mantle)
A bullfrog comes into view.
The bullfrog moves out of view.
Okay, then.
There is a stone staircase leading down here.
A bullfrog comes into view.
You shoot a sling bullet. The sling bullet hits the bullfrog!
The bullfrog croaks.
You are now empty-tentacled.
The bullfrog barely misses you.
You closely miss the bullfrog. Your grab misses the bullfrog.
The bullfrog hits you but does no damage.
You miss the bullfrog. You grab the bullfrog. You squeeze the bullfrog.
You constrict the bullfrog. The bullfrog hits you.
You take 5 damage, and have 59/64 hp.
You bludgeon the bullfrog! Sif Muna accepts your kill.
No target in view!
a - a +0 sling (weapon)
Found an escape hatch in the ceiling.
Health restored: 64 You now have 324 gold pieces (gained 14).
You open the door.
There is an open door here.
You open the door.
A bullfrog is nearby!
You shoot a sling bullet. The sling bullet hits the bullfrog!
You are now empty-tentacled.
You tentacle-slap the bullfrog. You grab the bullfrog.
You constrict the bullfrog. The bullfrog hits you.
The bullfrog hits you but does no damage.
You take 2 damage, and have 62/64 hp.
You bludgeon the bullfrog! Sif Muna accepts your kill.
a - a +0 sling (weapon)
There is an open door, spattered with blood here.
There is an open door, spattered with blood here.
You see here a +2 pair of boots.
You see here a serpent talisman.
You see here a serpent talisman.
There is a stone staircase leading down here.
Done exploring.
Health restored: 64 Done exploring.
Done exploring.
There is a stone staircase leading down here.
You climb downwards.
The orc wizard shouts!
The orc priest shouts!
Found 4 stones and 6 gold pieces.
Found a sacrificial altar of Ru.
There is a stone staircase leading up here.
The orc barely misses you. The orc misses you.
The orc wizard hits you with a +0 dagger.
The orc wizard points at you and mumbles some strange words.
You easily resist.
The orc priest barely misses you.
You climb upwards.
There is a stone staircase leading down here.
You take 3 damage, and have 61/64 hp.
You shoot a sling bullet.
The sling bullet barely misses the orc priest.
The orc wizard hits you with a +0 dagger. x2
The orc priest closely misses you. The orc barely misses you.
You take 3 damage, and have 58/64 hp.
You shoot a sling bullet.
The sling bullet hits the orc priest but does no damage.
The orc wizard hits you with a +0 dagger.
The orc wizard closely misses you. The orc priest closely misses you.
The orc barely misses you.
You take 2 damage, and have 56/64 hp.
You shoot a sling bullet.
The sling bullet barely misses the orc priest.
The orc wizard points at you and mumbles some strange words.
The magic dart hits you! The orc wizard closely misses you.
The orc hits you with a +0 club.
The orc priest mumbles some strange prayers to Beogh against you.
Pain shoots through your body!
The orc wizard hits you with a +0 dagger.
The orc hits you with a +0 club.
The orc wizard mumbles some strange words.
The orc wizard flickers and vanishes for a moment.
The orc priest looks satisfied for a moment.
You take 31 damage, and have 25/64 hp.
MASSIVE DAMAGE!!
You shoot a sling bullet. The sling bullet hits the orc priest.
The orc wizard hits you but does no damage.
The orc wizard barely misses you. The orc priest closely misses you.
The orc hits you with a +0 club.
You take 4 damage, and have 21/64 hp.
You shoot a sling bullet. The sling bullet hits the orc wizard.
The orc wizard gestures wildly while chanting.
The orc wizard flickers and vanishes for a moment.
The orc wizard points at you and mumbles some strange words.
The puff of flame hits you!
* * * LOW HITPOINT WARNING * * *
The orc misses you. The orc priest closely misses you.
The orc wizard hits you but does no damage.
The orc barely misses you. The orc wizard casts a spell at you.
The magic dart hits you.
* * * LOW HITPOINT WARNING * * *
The orc priest hits you with a +0 hand axe.
You die...

#..........# #.#######.#..#.#..#
#........(.# #.#..........#.#..#
#..........# #.#.#####.##.#.#..#
########.### #.#.# #....#.#..#
#%# #.#.# ######.#..# #.# #.#.#
#....#.#..# #########.#####.#.#
#.##.#.#..#
......[.........#.#####.#.......#
...............oh..........#.##.#
...............ooo......#..#.#...
#########>###############.##.#..#
...[......)................#.#..#
#######.####################.#..#
##.# #..............#..#
###..#######'##############..#
#...##..........# #########..#
#.####..........# #..........#


You could see an orc priest, 2 orc wizards and an orc.

Vanquished Creatures
  Grinder (D:5)
  Prince Ribbit (D:7)
  Sigmund (D:2)
  A water moccasin (D:6)
  An orc warrior (D:7)
  A black bear (D:7)
  An ogre (D:6)
  A centaur (D:6)
  A phantom (D:5)
  5 bullfrogs
  2 scorpions
  3 wights (D:6)
  2 jellies
  A hound (D:4)
  5 orc priests
  2 sleepcaps
  3 iguanas
  3 orc wizards
  4 gnolls (D:4)
  4 adders
  3 white imps
  2 worms
  16 orcs
  5 endoplasms
  A giant cockroach (D:2)
  3 goblins (D:1)
  8 hobgoblins
  2 jackals (D:5)
  4 quokkas
  4 bats
  4 frilled lizards
  8 kobolds
  7 rats
110 creatures vanquished.

Notes
Turn   | Place    | Note
-------+----------+-------------------------------------------
     0 | D:1      | IndexError the Octopode Shapeshifter began the quest for
                  | the Orb.
     0 | D:1      | Reached XP level 1. HP: 13/13 MP: 1/1
   305 | D:1      | Reached XP level 2. HP: 18/18 MP: 2/2
   583 | D:1      | Found a faded altar of an unknown god.
   681 | D:1      | Prayed at the altar of an unknown god.
   681 | D:1      | Became a worshipper of Sif Muna the Loreminder
   681 | D:1      | Reached * piety under Sif Muna
   860 | D:1      | Reached XP level 3. HP: 24/24 MP: 3/3
  1248 | D:2      | Reached skill level 2 in Fighting
  1298 | D:2      | Noticed Sigmund
  1505 | D:2      | Reached skill level 4 in Unarmed Combat
  1794 | D:2      | Killed Sigmund
  1795 | D:2      | Reached skill level 3 in Fighting
  1795 | D:2      | Reached skill level 5 in Unarmed Combat
  1795 | D:2      | Reached XP level 4. HP: 31/31 MP: 4/4
  1795 | D:2      | Reached XP level 5. HP: 36/36 MP: 5/5
  1856 | D:3      | Reached XP level 6. HP: 42/42 MP: 6/6
  2025 | D:3      | Found Isharch's Assorted Antiques.
  2128 | D:3      | Noticed Pargi
  2208 | D:3      | Reached ** piety under Sif Muna
  3184 | D:4      | Reached skill level 6 in Unarmed Combat
  3414 | D:4      | Reached skill level 4 in Fighting
  3607 | D:4      | Reached XP level 7. HP: 48/48 MP: 7/7
  3730 | D:4      | Found a staircase to the Ecumenical Temple.
  3773 | D:4      | Identified the +10 plate armour of Limited Liability {rPois
                  | rF+ MP+9}
  3945 | D:5      | Entered Level 5 of the Dungeon
  4426 | D:5      | Reached skill level 7 in Unarmed Combat
  4569 | D:5      | Noticed Grinder
  4569 | D:5      | Paralysed by Grinder for 5 turns
  4580 | D:5      | HP: 7/49 [sleepcap (6)]
  4590 | D:5      | HP: 7/49 [orc/+0 club (1)]
  4599 | D:4      | HP: 7/49 [hound (3)]
  4760 | Temple   | Entered the Ecumenical Temple
  4776 | D:4      | HP: 12/49 [scorpion (2)]
  5000 | D:5      | Killed Grinder
  5001 | D:5      | Reached skill level 5 in Fighting
  5001 | D:5      | Reached skill level 4 in Shapeshifting
  5001 | D:5      | Reached XP level 8. HP: 55/55 MP: 8/8
  5226 | D:5      | Reached *** piety under Sif Muna
  5458 | D:6      | Reached skill level 5 in Shapeshifting
  5825 | D:6      | Reached skill level 6 in Fighting
  6154 | D:6      | Reached skill level 6 in Shapeshifting
  6158 | D:6      | HP: 14/58 [orc wizard/puff of flame (7)]
  6159 | D:6      | HP: 3/58 [orc wizard/magic dart (11)]
  6411 | D:6      | Reached XP level 9. HP: 63/63 MP: 9/9
  6734 | D:7      | Found an iron altar of Okawaru.
  7317 | D:7      | Noticed Prince Ribbit
  7325 | D:7      | Killed Prince Ribbit
  7326 | D:7      | Reached skill level 7 in Fighting
  7326 | D:7      | Reached skill level 7 in Shapeshifting
  7609 | D:8      | Found a sacrificial altar of Ru.
  7617 | D:7      | HP: 7/64 [orc wizard/puff of flame (14)]
  7617 | D:7      | HP: 2/64 [orc wizard/magic dart (5)]
  7617 | D:7      | Slain by an orc priest

Illustrated notes

Levels and vault maps discovered:
D:1:      saegor_arrival_simple_e, layout_basic, basic_ecumenical_altar
D:2:      layout_basic, minmay_misc_feat_x, nicolae_elevator_lobby_asterisk,
          uniq_sigmund
D:3:      layout_basic, serial_shops, shop, uniq_pargi
D:4:      layout_basic, minmay_temple_entry_from_below_a,
          minmay_misc_feat_ornament
D:5:      layout_basic, uniq_grinder
D:6:      layout_basic
D:7:      layout_basic, okawaru_gym_becter, nicolae_figureground_pulse,
          uniq_prince_ribbit1
D:8:      layout_rooms, minitemple, lemuel_round_altar, uniq_maggie
Temple:   hellmonk_temple_forest_ring

Skill      XL: |  1  2  3  4  5  6  7  8  9 |
---------------+----------------------------+-----
Fighting       | 3 4 5 6 7 |  7.1
Unarmed Combat | 5 6 7 |  7.4
Shapeshifting  | 4 6 7 |  7.4
Dodging        | |  2.0

Action                     |  1- 3 |  4- 6 |  7- 9 || total
---------------------------+-------+-------+-------++-------
  Melee: Unarmed           |    64 |    50 |   133 ||   247
         Constrict         |    14 |    12 |    33 ||    59
         Tentacles         |    14 |     6 |    41 ||    61
         Punch             |     2 |     2 |     8 ||    12
   Fire: Sling             |       |       |    55 ||    55
    Use: Potion            |       |       |     1 ||     1
   Stab: Sleeping          |     8 |     1 |       ||     9
 Armour: Skin              |     1 |     2 |    16 ||    19
  Dodge: Dodged            |    27 |    21 |   104 ||   152

Table legend: (Time is in decaauts)
 A = Elapsed time spent in this place.
 B = Non-inter-level travel time spent in this place.
 C = Inter-level travel time spent in this place.
 D = Time resting spent in this place.
 E = Time spent auto-exploring this place.
 F = Levels seen in this place.
 G = Mean time per level.
                   A        B        C        D        E       F      G
               +--------+--------+--------+--------+--------+-----+--------+
         Total |   7606 |   6827 |    779 |     25 |   5637 |   9 |  845.1 |
       Dungeon |   7605 |   6826 |    779 |     25 |   5637 |   8 |  950.6 |
        Temple |      1 |      1 |      0 |      0 |      0 |   1 |    1.0 |
               +--------+--------+--------+--------+--------+-----+--------+

Top non-repeatable levels by time:
     D:4: 1695 daAuts
     D:6: 1390 daAuts
     D:1: 1121 daAuts
     D:3: 989 daAuts
     D:7: 920 daAuts
     D:2: 751 daAuts
     D:5: 732 daAuts
     D:8: 2 daAuts
  Temple: 1 daAuts

Levels and vault maps discovered:
D:1:      saegor_arrival_simple_e, layout_basic, basic_ecumenical_altar
D:2:      layout_basic, minmay_misc_feat_x, nicolae_elevator_lobby_asterisk,
          uniq_sigmund
D:3:      layout_basic, serial_shops, shop, uniq_pargi
D:4:      layout_basic, minmay_temple_entry_from_below_a,
          minmay_misc_feat_ornament
D:5:      layout_basic, uniq_grinder
D:6:      layout_basic
D:7:      layout_basic, okawaru_gym_becter, nicolae_figureground_pulse,
          uniq_prince_ribbit1
D:8:      layout_rooms, minitemple, lemuel_round_altar, uniq_maggie
Temple:   hellmonk_temple_forest_ring

Table legend: (Time is in decaauts)
 A = Elapsed time spent in this place.
 B = Non-inter-level travel time spent in this place.
 C = Inter-level travel time spent in this place.
 D = Time resting spent in this place.
 E = Time spent auto-exploring this place.
 F = Levels seen in this place.
 G = Mean time per level.
                   A        B        C        D        E       F      G
               +--------+--------+--------+--------+--------+-----+--------+
         Total |   7606 |   6827 |    779 |     25 |   5637 |   9 |  845.1 |
       Dungeon |   7605 |   6826 |    779 |     25 |   5637 |   8 |  950.6 |
        Temple |      1 |      1 |      0 |      0 |      0 |   1 |    1.0 |
               +--------+--------+--------+--------+--------+-----+--------+

Top non-repeatable levels by time:
     D:4: 1695 daAuts
     D:6: 1390 daAuts
     D:1: 1121 daAuts
     D:3: 989 daAuts
     D:7: 920 daAuts
     D:2: 751 daAuts
     D:5: 732 daAuts
     D:8: 2 daAuts
  Temple: 1 daAuts

Table legend:
 A = Kills in this place as a percentage of kills in the entire game.
 B = Kills by you in this place as a percentage of kills by you in the entire game.
 C = Kills by friends in this place as a percentage of kills by friends in the entire game.
 D = Other kills in this place as a percentage of other kills in the entire game.
 E = Experience gained in this place as a percentage of experience gained in the entire game.
 F = Experience gained in this place divided by the number of levels of this place that you have seen.
                   A       B       C       D       E      F
               +-------+-------+-------+-------+-------+----------------------
         Total | 100.0 | 100.0 |   N/A |   N/A | 100.0 | 363.7
       Dungeon | 100.0 | 100.0 |   N/A |   N/A | 100.0 | 409.1
               +-------+-------+-------+-------+-------+----------------------
